 Dungeon Crawl Stone Soup version 0.25.1-2-g60ff931df9 (webtiles) character file.

Game seed: 14117988778930404280

251 axecop the Chopper (level 5, -2/41 HPs)
             Began as a Demonspawn Abyssal Knight on Oct 29, 2020.
             Was a Believer of Lugonu.
             Slain by a phantom (8 damage)
             ... on level 4 of the Dungeon.
             The game lasted 00:03:07 (3536 turns).

axecop the Chopper (Demonspawn Abyssal Knight)      Turns: 3536, Time: 00:03:08

Health: -2/41      AC:  3    Str: 13    XL:     5   Next: 88%
Magic:  7/7        EV: 11    Int: 14    God:    Lugonu [**....]
Gold:   102        SH:  0    Dex: 12    Spells: 4/4 levels left

rFire    . . .     SeeInvis .   a - +1 hand axe
rCold    . . .     Gourm    .   (no shield)
rNeg     + . .     Faith    .   b - +0 leather armour
rPois    .         Spirit   .   (no helmet)
rElec    .         Reflect  .   (no cloak)
rCorr    .         Harm     .   (no gloves)
MR       .....                  (no boots)
Stlth    +.........             (no amulet)
HPRegen  0.13/turn              k - ring of positive energy
MPRegen  0.10/turn              (no ring)

@: no status effects
A: spiny 2
a: Depart the Abyss, Bend Space, Renounce Religion


You were on level 4 of the Dungeon.
You worshipped Lugonu.
Lugonu was pleased with you.
You were not hungry.

You visited 1 branch of the dungeon, and saw 4 of its levels.
You visited the Abyss 1 time.
You also visited: Ossuary.

You collected 102 gold pieces.

Inventory:

Hand Weapons
 a - a +1 hand axe (weapon)
 e - a +2 dagger of speed
 f - a +0 scimitar
Missiles
 m - 27 poisoned darts (quivered)
 n - 26 bolts
 q - 21 sling bullets
Armour
 b - a +0 leather armour (worn)
 h - a +0 robe
Jewellery
 k - a ring of positive energy (left hand)
Scrolls
 i - a scroll of enchant armour {unknown}
Potions
 d - a potion of flight {unknown}
 g - a potion of berserk rage {unknown}
 l - 3 potions of stabbing
 t - a potion of haste {unknown}
Comestibles
 c - 6 rations
 j - a chunk of flesh


   Skills:
 + Level 3.3 Fighting
 * Level 5.1 Axes
 + Level 2.2 Armour
 - Level 0.8 Dodging
 + Level 3.0 Invocations


You had 4 spell levels left.
You didn't know any spells.
Your spell library was empty.

Dungeon Overview and Level Annotations

Branches:
Dungeon (4/15)            Ossuary (visited)
 Temple: D:4-7

Altars:
Elyvilon
Hepliaklqana

Annotations:
D:3 Sigmund


Innate Abilities, Weirdness & Mutations

You are mostly covered in sharp spines.


Message History

The phantom hits you.
* * * LOW HITPOINT WARNING * * *
You miss the phantom.
The phantom is heavily damaged.
The phantom misses you.
You hit the phantom.
The phantom is severely damaged.
The phantom hits you.
* * * LOW HITPOINT WARNING * * *
You hit the phantom.
The phantom is severely damaged.
The phantom is struck by your spines. The phantom barely misses you.
You hit the phantom but do no damage.
The phantom is almost destroyed.
The phantom hits you.
* * * LOW HITPOINT WARNING * * *
You miss the phantom.
The phantom is almost destroyed.
The phantom is struck by your spines. The phantom hits you!
You die...

### #.# ####.######
#....#.....
######.##.#.##..
#......#....##'#
#.###..#..#####.
#########.# #........##.
#§§§..#@#.###........##.
#§§§..#W#.#..........###
#§§§####..#.......#.###.
...###..##
####.......+.# #.
+.......<# #...##....###
#. #...###..#
###..###### +# #. ....#
#....# . ###.## ###...#
. #.. +.##..########)


You could see a phantom.

Vanquished Creatures
  Blork the orc (D:4)
  A howler monkey (D:2)
  Jessica (D:2)
  5 adders
  2 worms (D:2)
  A dart slug (D:2)
  A leopard gecko (D:2)
  A ball python (D:3)
  4 giant cockroaches
  11 goblins
  8 hobgoblins
  7 jackals (D:1)
  A quokka (D:2)
  5 bats
  2 frilled lizards
  A giant cockroach zombie (D:2)
  5 kobolds
  5 rats
62 creatures vanquished.

Vanquished Creatures (others)
  A withered plant (Ossuary)
1 creature vanquished.

Grand Total: 63 creatures vanquished

Notes
Turn   | Place    | Note
-------+----------+-------------------------------------------
     0 | Abyss:1  | axecop the Demonspawn Abyssal Knight began the quest for
                  | the Orb.
     0 | Abyss:1  | Reached XP level 1. HP: 18/18 MP: 2/2
    26 | D:1      | Escaped the Abyss
   106 | D:1      | Reached skill level 2 in Axes
   306 | D:1      | Gained mutation: You are partially covered in sharp spines.
                  | [demonic ancestry]
   306 | D:1      | Reached XP level 2. HP: 12/24 MP: 3/3
   962 | D:1      | Reached skill level 3 in Axes
  1054 | D:1      | Reached ** piety under Lugonu
  1141 | D:1      | Reached XP level 3. HP: 29/29 MP: 4/4
  1506 | D:2      | Noticed Jessica
  1512 | D:2      | Killed Jessica
  1523 | D:2      | Reached skill level 4 in Axes
  1523 | D:2      | Gained mutation: You are mostly covered in sharp spines.
                  | [demonic ancestry]
  1523 | D:2      | Reached XP level 4. HP: 33/35 MP: 5/5
  1633 | D:2      | Reached XP level 5. HP: 11/41 MP: 6/6
  2611 | D:3      | Noticed Sigmund
  2721 | D:4      | Found a sand-covered staircase.
  2779 | D:4      | Found a hazy altar of Hepliaklqana.
  2823 | Ossuary  | Entered an ossuary
  3094 | D:4      | Noticed Blork the orc
  3101 | D:4      | Killed Blork the orc
  3101 | D:4      | Reached skill level 5 in Axes
  3416 | D:4      | Found a white marble altar of Elyvilon.
  3430 | D:4      | Noticed a phantom
  3536 | D:4      | Slain by a phantom

Illustrated notes

Levels and vault maps discovered:
D:1:      psy_arrival_terrarium, layout_basic
D:2:      layout_basic, minmay_pentomino_x2, uniq_jessica
D:3:      layout_loops_ring, hangedman_decor_riveting, minmay_checkerbox,
          uniq_sigmund
D:4:      layout_basic, nicolae_overflow_crystal_walls,
          gammafunk_temple_overflow_pools, kennysheep_little_box,
          nicolae_ossuary_entry_false_entrances, uniq_blork_the_orc

Skill      XL: |  1  2  3  4  5 |
---------------+----------------+-----
Axes           | 2 3 4 5 |  5.1
Armour         | 2 |  2.2
Invocations    | 3 |  3.0
Fighting       | |  3.3
Dodging        | |  0.8

Action                   |  1- 3 |  4- 6 || total
-------------------------+-------+-------++-------
Melee: Hand axe          |    57 |    82 ||   139
Throw: Dart              |       |     5 ||     5
  Use: Scroll            |       |     6 ||     6
       Potion            |       |     1 ||     1
  Eat: Chunk             |     2 |     6 ||     8
Armor: Leather armour    |    25 |     9 ||    34
Dodge: Dodged            |    41 |    28 ||    69
